 Dungeon Crawl Stone Soup version 0.17.1-2-g5865329 (webtiles) character file.

42 namelastname112 the Magician (level 3, -11/27 HPs)
             Began as a Draconian Wizard on Jan 11, 2016.
             Mangled by a gnoll
             ... wielding a +2 whip of electrocution
              (20 damage)
             ... on level 1 of the Dungeon.
             The game lasted 00:02:52 (1195 turns).

namelastname112 the Magician (Draconian Wizard)     Turns: 1195, Time: 00:02:53

Health: -11/27     AC:  5    Str:  9    XL:     3   Next: 35%
Magic:  7/7        EV: 12    Int: 18    God:
Gold:   26         SH:  0    Dex: 10    Spells: 1 memorised, 7 levels left

rFire  . . .     SeeInvis .     f - +0 mace
rCold  . . .     Clarity  .     (armour unavailable)
rNeg   . . .     SustAt   .     (no shield)
rPois  .         Gourm    .     a - +0 hat
rElec  .         Spirit   .     (no cloak)
rCorr  .         Warding  .     (no gloves)
rMut   .         Stasis   .     (no boots)
MR     .....                    (no amulet)
Stlth  ++........               (no ring)
                                (no ring)

@: not resistant to hostile enchantments, unstealthy
A: unfitting armour, cold-blooded, AC +5
a: no special abilities


You were on level 1 of the Dungeon.
You were hungry.

You visited 1 branch of the dungeon, and saw 2 of its levels.

You collected 26 gold pieces.

Inventory:

Hand Weapons
 f - a +0 mace (weapon)
Armour
 a - a +0 hat (worn)
Scrolls
 d - a scroll of teleportation {unknown}
 e - 2 scrolls of remove curse {unknown}
 g - a scroll of recharging {unknown}
 h - 2 scrolls of identify {unknown}
 i - a scroll of enchant weapon {unknown}
Books
 b - a book of Minor Magic

   Spells                             Type                      Level
   a - Magic Dart                     Conjuration                  1
   b - Blink                          Translocation                2
   c - Call Imp                       Summoning                    2
   d - Repel Missiles                 Charms/Air                   2
   e - Slow                           Hexes                        2
   f - Conjure Flame                  Conjuration/Fire             3
   g - Mephitic Cloud                 Conjuration/Poison/Air       3
Comestibles
 c - 2 bread rations


   Skills:
 + Level 0.9 Fighting
 * Level 1.7 Maces & Flails
 + Level 2.2 Dodging
 - Level 1.7 Stealth
 - Level 3.1 Spellcasting
 - Level 1.4 Conjurations
   Level 1.0 Summonings
   Level 1.0 Translocations


You had 7 spell levels left.
You knew the following spells:

 Your Spells              Type           Power        Failure   Level  Hunger
z - Magic Dart            Conj           #...         12%         1    None


Dungeon Overview and Level Annotations

Branches:
Dungeon (2/15)

Altars:


Innate Abilities, Weirdness & Mutations

Your plain brown scales are hard (AC +5).
Your body does not fit into most forms of armour.
You are cold-blooded and may be slowed by cold attacks.


Message History

You are electrocuted!
You climb upwards.
There is a stone staircase leading down here.
The gnoll hits you with a whip of electrocution!
* * * LOW HITPOINT WARNING * * *
You see here a short sword.
Your magical contamination has completely faded away.
There is an open door here.
You are feeling hungry.
There is an open door here.
The gnoll barely misses you.
There is an open door here.
There is an open door here.
There is an open door here.
There is an open door here.
You see here a dyed leather armour.
The gnoll hits you with a whip of electrocution!
You are electrocuted!
Ouch! That really hurt!
You die...

##....#### #.#....#..........
.#.......### #.###'##..........
......##...## #.................
#.....####..#######......(......)
#.....# ##.....###.#.....#.....#
#.##### #####.....##....###.###
#.# ####..##.##.##..#.. #.#
#########..##..........#
#.########.....g@.......####.####
...........#######[....#####.#
#)######..#### #..##.......## #.#
##....#####..####..##..### #.#
####..##.....###......... #.#
##.................... #.#
###...####.....#######. #.#
###...### #...########## #.#
##...### #...'...≈≈≈≈≈.


You could see a gnoll.

Vanquished Creatures
  3 gnolls (D:1)
  4 bats (D:1)
  A giant cockroach (D:1)
  A hobgoblin (D:1)
  5 goblins (D:1)
  A rat (D:1)
15 creatures vanquished.

Notes
Turn   | Place    | Note
--------------------------------------------------------------
     0 | D:1      | namelastname112 the Draconian Wizard began the quest for the Orb.
     0 | D:1      | Reached XP level 1. HP: 14/14 MP: 4/4
   184 | D:1      | Reached XP level 2. HP: 20/20 MP: 4/6
   369 | D:1      | Reached skill level 1 in Maces & Flails
   628 | D:1      | Reached XP level 3. HP: 20/27 MP: 7/7
  1195 | D:1      | Mangled by a gnoll

Action                   || total
-------------------------++-------
Melee: Unarmed           ||    16
       Mace              ||    21
 Cast: Magic Dart        ||    30
 Stab: Sleeping          ||     1
